 Dungeon Crawl Stone Soup version 0.29.1-15-g9cfb28693d (webtiles) character file.

Game seed: 4880500907283214098

238 Jase the Caller (level 6, 41/41 HPs)
             Began as a Merfolk Summoner on Apr 23, 2023.
             Was an Initiate of the Shining One.
             Quit the game on level 4 of the Dungeon.
             The game lasted 00:18:39 (4391 turns).

Jase the Caller (Merfolk Summoner)                  Turns: 4391, Time: 00:18:39

Health: 41/41      AC:  6    Str:  8    XL:     6   Next: 7%
Magic:  6/10       EV: 14    Int: 16    God:    the Shining One [......]
Gold:   201        SH:  0    Dex: 15    Spells: 5/11 levels left

rFire   . . .      SeeInvis .   a - +1 dagger (speed)
rCold   . . .      Faith    .   (no shield)
rNeg    . . .      Spirit   .   w - +2 animal skin
rPois   .          Reflect  .   s - +1 hat
rElec   .          Harm     .   y - +0 cloak
rCorr   .          Rampage  .   (no gloves)
Will    .....                   (no boots)
Stlth   +.........              (no amulet)
HPRegen 0.13/turn               (no ring)
MPRegen 0.12/turn               (no ring)

@: glowing
A: (nimble swimmer 2), mertail
a: Renounce Religion


You were on level 4 of the Dungeon.
You worshipped the Shining One.
The Shining One was noncommittal.
You visited 2 branches of the dungeon, and saw 5 of its levels.

You collected 201 gold pieces.

Inventory:

Hand Weapons
 a - a +1 dagger of speed (weapon)
Missiles
 c - 10 poisoned darts
 e - 34 stones
 l - 5 javelins
Armour
 s - a +1 hat (worn)
 w - a +2 animal skin (worn)
 y - a +0 cloak (worn)
Scrolls
 d - a scroll of amnesia {unknown}
 f - a scroll of magic mapping {unknown}
 g - a scroll of poison {unknown}
 j - 4 scrolls of identify {unknown}
 k - a scroll of fog {unknown}
 q - a scroll of silence {unknown}
 r - a scroll of noise {unknown}
 v - 3 scrolls of teleportation {unknown}
 x - 2 scrolls of enchant weapon {unknown}
Potions
 b - a potion of magic
 h - a potion of resistance {unknown}
 i - a potion of brilliance {unknown}
 m - 3 potions of mutation {unknown}
 n - 2 potions of degeneration {unknown}
 o - a potion of might {unknown}
 p - a potion of flight {unknown}
 t - 2 potions of attraction {unknown}
 u - a potion of ambrosia {unknown}


   Skills:
 + Level 4.6 Dodging
 - Level 2.1 Stealth
 + Level 3.1 Spellcasting
 * Level 5.7 Summonings
 + Level 1.0 Invocations


You had 5 spell levels left.
You knew the following spells:

 Your Spells              Type           Power      Damage    Failure   Level
a - Summon Small Mammal   Summ           80%        N/A       1%          1
b - Call Imp              Summ           20%        N/A       2%          2
c - Call Canine Familiar  Summ           20%        N/A       5%          3

Your spell library contained the following spells:

 Spells                   Type           Power      Damage    Failure   Level
 Summon Guardian Golem    Hex/Summ       11%        N/A       17%         3
 Ensorcelled Hibernation  Hex/Ice        4%         N/A       28%         2
 Spider Form              Tmut/Pois      2%         N/A       50%         3
 Stone Arrow              Conj/Erth      4%         3d7       50%         3
 Tukima's Dance           Hex            2%         N/A       50%         3
 Animate Armour           Summ/Erth      22%        N/A       50%         4
 Summon Lightning Spire   Summ/Air       11%        N/A       50%         4
 Anguish                  Hex/Necr       1%         N/A       88%         4
 Passage of Golubria      Tloc           2%         N/A       88%         4
 Blade Hands              Tmut           1%         N/A       99%         5
 Irradiate                Conj/Tmut      1%         3d12      99%         5
 Yara's Violent Unravell  Hex/Tmut       1%         3d3       99%         5
 Dragon Form              Tmut           1%         N/A       100%        7
 Lehudib's Crystal Spear  Conj/Erth      1%         10d2      100%        8


Dungeon Overview and Level Annotations

Branches:
Dungeon (4/15)             Temple (1/1) D:4

Altars:
Dithmenos
Gozag
Hepliaklqana
Makhleb
Nemelex Xobeh
Qazlal
Trog
Vehumet
The Shining One


Innate Abilities, Weirdness & Mutations

((You are very nimble when in or above water. (Stealth+, EV+, Speed+++)))
Your lower body shifts to a powerful aquatic tail in water.


Message History

v - 2 scrolls labelled JIDIHIMUGO (gained 1)
You open the door.
There is an open door here.
There is an open door here.
You open the door.
There is an open door here.
The ogre shouts!
Casting: Summon Small Mammal (safe; 1% risk of failure)
Confirm with . or Enter, or press ? or * to list all spells.
Casting: Summon Small Mammal (safe; 1% risk of failure)
Confirm with . or Enter, or press ? or * to list all spells.
Casting: Summon Small Mammal (safe; 1% risk of failure)
Confirm with . or Enter, or press ? or * to list all spells.
The ogre hits your rat with a +0 giant club!
Your rat dies!
Your rat's corpse disappears in a puff of smoke!
Your quokka closely misses the ogre.
Your quokka barely misses the ogre.
The ogre misses your quokka.
Your quokka bites the ogre.
Your hound bites the ogre but does no damage.
Your quokka bites the ogre.
Your hound closely misses the ogre.
The ogre hits your quokka with a +0 giant club!!
Your quokka dies!
Your quokka's corpse disappears in a puff of smoke!
Your hound bites the ogre.
Your hound bites the ogre.
Your hound bites the ogre.
The ogre misses your hound.
Your hound barely misses the ogre.
Your hound bites the ogre.
Your hound bites the ogre.
Your hound barely misses the ogre.
Your hound bites the ogre.
The ogre dies!
Your Spellcasting skill increases to level 3!
Your Invocations skill increases to level 1!
You have reached level 6!
You swap places.
Things that are here:
a +0 giant club; an ogre corpse
v - 3 scrolls labelled JIDIHIMUGO (gained 1) Are you sure you want to abandon this character and quit the game? (Confirm with "yes".)

#....#....# #....#...########## #
##...##..##..##...## ##
##...###'##........# #.
#...............>..# #.
#..................# #.
##.......##..###.[###### #######
##...##..##..###'#.....# #....##
.....##..##..<..@..#...... #....#
................h..# ..... #....#
##...##............# .... +....#
##...##............# ... #.....
##.......##'####..##### .. #+#..#
#....##..##..###..###.######...##
##...###'##......)........#....#5
######...................#....##
#...##..####.##..##..##....#


You could see a friendly hound (summoned).

Vanquished Creatures
  Robin (D:3)
  2 adders
  A worm (D:3)
  3 ball pythons
  2 endoplasms (D:1)
  3 giant cockroaches
  7 goblins
  2 hobgoblins
  A kobold (D:1)
  2 quokkas
  5 bats
  A quokka zombie (D:2)
30 creatures vanquished.

Vanquished Creatures (collateral kills)
  An ogre (D:4)
  An orc priest (D:3)
  An adder skeleton (D:2)
  2 worms
  3 orcs (D:3)
  6 ball pythons
  A bat (D:2)
  A bat skeleton (D:2)
  A bat zombie (D:2)
  4 endoplasms
  2 giant cockroaches
  9 goblins
  5 hobgoblins
  2 kobolds
  2 quokkas (D:1)
  3 ball python zombies (D:2)
  A frilled lizard (D:3)
  2 rats
47 creatures vanquished.

Vanquished Creatures (others)
  A withered plant (D:2)
1 creature vanquished.

Grand Total: 78 creatures vanquished

Notes
Turn   | Place    | Note
-------+----------+-------------------------------------------
     0 | D:1      | Jase the Merfolk Summoner began the quest for the Orb.
     0 | D:1      | Reached XP level 1. HP: 13/13 MP: 3/3
   121 | D:1      | Reached XP level 2. HP: 11/19 MP: 3/5
   527 | D:1      | Learned a level 2 spell: Call Imp
  1243 | D:1      | Reached XP level 3. HP: 24/24 MP: 0/6
  1247 | D:1      | Learned a level 3 spell: Call Canine Familiar
  2144 | D:2      | Reached XP level 4. HP: 27/30 MP: 3/7
  2466 | D:3      | Reached skill level 5 in Summonings
  2914 | D:3      | Reached XP level 5. HP: 25/35 MP: 5/9
  3204 | D:3      | Noticed Robin
  3258 | D:3      | Killed Robin
  3695 | D:4      | Found a staircase to the Ecumenical Temple.
  3710 | Temple   | Entered the Ecumenical Temple
  3752 | Temple   | Became a worshipper of the Shining One
  4055 | D:4      | Noticed an ogre
  4381 | D:4      | Killed an ogre
  4382 | D:4      | Reached skill level 1 in Invocations
  4382 | D:4      | Reached XP level 6. HP: 41/41 MP: 5/10
  4391 | D:4      | Quit the game

Illustrated notes

Levels and vault maps discovered:
D:1:      saegor_arrival_miasma, layout_loops_ring
D:2:      layout_rooms, serial_undead, serial_undead_d, serial_undead_f,
          serial_undead_d, serial_undead_f, serial_undead_f, serial_undead_e
D:3:      layout_rooms, uniq_robin
D:4:      cheibrodos_quashed, layout_gridville, minmay_temple_entry_nine_rooms,
          corexii_corridor_pit
Temple:   chequers_temple_sunken

Skill      XL: |  1  2  3  4  5 |
---------------+----------------+-----
Dodging        | 3 4 |  4.6
Summonings     | 5 |  5.7
Spellcasting   | 3 |  3.1
Invocations    | 1 |  1.0
Stealth        | |  2.1

Action                   |  1- 3 |  4- 6 || total
-------------------------+-------+-------++-------
Melee: Dagger            |    97 |    91 ||   188
       Unarmed           |     1 |       ||     1
       Punch             |     1 |     1 ||     2
 Cast: Summon Small Mamm |    45 |    35 ||    80
       Call Imp          |     5 |     9 ||    14
       Call Canine Famil |     1 |     1 ||     2
 Stab: Sleeping          |     3 |       ||     3
       Distracted        |     1 |     2 ||     3
Armor: Robe              |    30 |     9 ||    39
       Animal skin       |       |    15 ||    15
Dodge: Dodged            |   102 |    38 ||   140
